 Dungeon Crawl Stone Soup version 0.30-a0-374-g95c0257040 (webtiles) character file.

Game seed: 8992271499158406036

2753 funkygono the Magician (level 9, -3/67 HPs)
             Began as a Demonspawn Fire Elementalist on Nov 25, 2022.
             Was a Follower of Vehumet.
             Slain by an orc warrior
             ... wielding a +0 short sword
              (7 damage)
             ... on level 8 of the Dungeon.
             The game lasted 00:19:49 (6546 turns).

funkygono the Magician (DsFE)                       Turns: 6546, Time: 00:19:50

Health: -3/67      AC:  6    Str:  8    XL:     9   Next: 41%
Magic:  2/20       EV: 14    Int: 22    God:    Vehumet [*.....]
Gold:   343        SH:  0    Dex: 15    Spells: 13/23 levels left

rFire   . . .      SeeInvis +    f - +2 whip (vorpal)
rCold   . . .      Faith    .    (no shield)
rNeg    . . .      Spirit   .    a - +0 robe
rPois   .          Reflect  .    (helmet unavailable)
rElec   .          Harm     .    (no cloak)
rCorr   .          Rampage  .    i - +1 pair of gloves
Will    .....                    n - +1 pair of boots
Stlth   ++........               (no amulet)
HPRegen 0.31/turn                (no ring)
MPRegen 0.34/turn                (no ring)

@: no status effects
A: antennae 3, foul stench 1, magic regeneration, big brain 1
a: Renounce Religion


You were on level 8 of the Dungeon.
You worshipped Vehumet.
Vehumet was aware of your devotion.
You visited 1 branch of the dungeon, and saw 8 of its levels.

You collected 343 gold pieces.

Inventory:

Hand Weapons
 f - a +2 vorpal whip (weapon)
 w - a +0 vorpal flail
Missiles
 b - 2 throwing nets
Armour
 a - a +0 robe (worn)
 i - a +1 pair of gloves (worn)
 n - a +1 pair of boots (worn)
 s - a +1 pair of boots
 t - a scarf of shadows
Wands
 m - a wand of quicksilver (5)
 p - a wand of roots (12)
 u - a wand of flame (14)
Scrolls
 e - 3 scrolls of fear
 j - a scroll of summoning
 k - a scroll of magic mapping
 q - 4 scrolls of blinking
Potions
 c - a potion of ambrosia
 d - a potion of curing
 g - 2 potions of invisibility
 h - a potion of lignification
 l - 3 potions of attraction
 o - a potion of brilliance
 r - a potion of haste


   Skills:
 + Level 4.9 Fighting
 + Level 4.5 Maces & Flails
 + Level 5.2 Dodging
 - Level 1.7 Stealth
 + Level 7.6 Spellcasting
 + Level 6.5 Conjurations
 + Level 7.5 Fire Magic


You had 13 spell levels left.
You knew the following spells:

 Your Spells              Type           Power      Damage    Failure   Level
a - Foxfire               Conj/Fire      100%       2x1d9     1%          1
b - Scorch                Fire           82%        2d9       1%          2
c - Kindle Blastsparks    Fire/Tloc/Air  38%        2d13      9%          3
d - Flame Wave            Conj/Fire      39%        2d11      4%          4

Your spell library contained the following spells:

 Spells                   Type           Power      Damage    Failure   Level
 Kiss of Death            Conj/Necr      88%        2d12      1%          1
 Shock                    Conj/Air       88%        1d8       1%          1
 Inner Flame              Hex/Fire       25%        N/A       4%          3
 Frozen Ramparts          Ice            16%        1d3       24%         3
 Swiftness                Air            8%         N/A       24%         3
 Airstrike                Air            4%         2d(1-17)  61%         4
 Ice Form                 Ice/Tmut       8%         N/A       61%         4
 Summon Ice Beast         Ice/Summ       8%         N/A       61%         4


Dungeon Overview and Level Annotations

Branches:
Dungeon (9/15)
 Temple: D:4-7         Lair: D:8-11         Orc: D:9-12

Altars:
Dithmenos
Makhleb
Sif Muna
Vehumet
Wu Jian
Xom

Annotations:
D:3 3 runed translucent doors, Tribosh's ghost, amateur TeHu


Innate Abilities, Weirdness & Mutations

You have a pair of large antennae on your head. (SInv)
You may rarely emit foul miasma when damaged in melee.
You regenerate magic rapidly.
You have an unusually large brain. (Int +2)


Message History

The orc warrior's fire resistance burns away.
The foxfire hits the orc priest.
The orc priest is lightly wounded.
The foxfire hits the orc priest.
The orc priest is heavily wounded.
The orc priest barely misses you.
The orc warrior hits you with a +0 short sword!
Casting: Scorch (safe; 1% risk of failure)
Confirm with . or Enter, or press ? or * to list all spells.
You don't have enough magic to cast this spell.
Unknown command.
You barely miss the orc warrior.
You punch the orc warrior, but do no damage.
The orc warrior is heavily wounded.
Unknown command.
You hit the orc priest but do no damage.
The orc priest is heavily wounded.
The orc priest hits you with a +0 hand axe.
The orc warrior barely misses you.
You hit the orc priest.
The orc priest is almost dead.
The orc priest misses you. The orc warrior closely misses you.
You hit the orc priest but do no damage.
The orc priest is almost dead.
The orc warrior is no longer more vulnerable to fire.
The orc priest invokes the aid of Beogh against you.
Pain shoots through your body!
* * * LOW HITPOINT WARNING * * *
The orc warrior hits you but does no damage.
You hit the orc priest but do no damage.
The orc priest is almost dead.
The orc priest closely misses you.
The orc warrior hits you with a +0 short sword!
* * * LOW HITPOINT WARNING * * *
You feel better.
The orc priest calls down the wrath of Beogh upon you.
Beogh smites you!
* * * LOW HITPOINT WARNING * * *
The orc warrior hits you with a +0 short sword!
You die...

#..# ......######
#..# #..........
#... #.........
#... #?....... #..#
'#....... #.)#
..#......
#.o#...+.....######
#.@o...#.....'....o
#..#...#...†.#...K#
#+## ..#...††#)).>#
.#.....#..Wo#
#.....#....#
#.....+....#
+.....####'#
#......y ...
######. ...


You could see an orc warrior and an orc priest.

Vanquished Creatures
  Sigmund (D:4)
  Menkaure (D:4)
  Duvessa (D:4)
  2 orc warriors
  A black bear (D:6)
  2 ogres
  A centaur (D:9)
  A phantom (D:5)
  A bullfrog (D:9)
  A necrophage (D:5)
  A scorpion (D:4)
  Dowan (D:4)
  5 killer bees (D:8)
  4 howler monkeys
  4 hounds
  2 orc priests
  A jelly (D:5)
  A gnoll bouda (D:4)
  Ijyb (D:3)
  An iguana (D:6)
  3 orc wizards
  Natasha (thrice) (D:2)
  Robin (D:4)
  9 adders
  19 gnolls
  A shadow imp (D:5)
  A white imp (D:5)
  2 worms
  A dart slug (D:5)
  30 orcs
  4 endoplasms
  3 giant cockroaches
  16 goblins
  10 hobgoblins
  20 jackals
  7 quokkas
  6 ball pythons
  9 bats
  3 frilled lizards
  10 kobolds
  4 rats
195 creatures vanquished.

Vanquished Creatures (collateral kills)
  7 foxfires
7 creatures vanquished.

Vanquished Creatures (others)
  577 foxfires
  3 fungi (D:3)
  9 plants
589 creatures vanquished.

Grand Total: 791 creatures vanquished

Notes
Turn   | Place    | Note
-------+----------+-------------------------------------------
     0 | D:1      | funkygono the Demonspawn Fire Elementalist began the quest
                  | for the Orb.
     0 | D:1      | Reached XP level 1. HP: 13/13 MP: 3/3
   237 | D:1      | Gained mutation: You have an unusually large brain. (Int
                  | +2) [demonic ancestry]
   237 | D:1      | Reached XP level 2. HP: 20/20 MP: 0/5
   900 | D:1      | Learned a level 2 spell: Scorch
  1145 | D:1      | Gained mutation: You regenerate magic rapidly. [demonic
                  | ancestry]
  1145 | D:1      | Reached XP level 3. HP: 25/25 MP: 3/6
  1376 | D:2      | Found a shimmering altar of Xom.
  1448 | D:2      | Noticed Natasha
  1470 | D:2      | Killed Natasha
  1539 | D:2      | Noticed Natasha
  1545 | D:2      | Killed Natasha
  1546 | D:2      | Reached XP level 4. HP: 31/31 MP: 4/8
  1785 | D:2      | Noticed Natasha
  1791 | D:2      | Killed Natasha
  1814 | D:2      | Reached XP level 5. HP: 14/36 MP: 2/9
  2543 | D:2      | Learned a level 3 spell: Kindle Blastsparks
  2548 | D:2      | Learned a level 4 spell: Flame Wave
  2693 | D:3      | Found a shadowy altar of Dithmenos.
  2694 | D:3      | Found an ornate altar of the Wu Jian Council.
  3005 | D:3      | Noticed Ijyb
  3019 | D:3      | Killed Ijyb
  3020 | D:3      | Gained mutation: You have a pair of small antennae on your
                  | head. [demonic ancestry]
  3020 | D:3      | Reached XP level 6. HP: 11/42 MP: 0/11
  3135 | D:3      | Found a runed translucent gate.
  3135 | D:3      | Found a runed translucent gate.
  3135 | D:3      | Found a runed translucent gate.
  3137 | D:3      | Noticed Tribosh's ghost (amateur TeHu)
  3537 | D:3      | Reached skill level 5 in Dodging
  3537 | D:3      | Reached skill level 5 in Conjurations
  3537 | D:3      | Gained mutation: You have a pair of antennae on your head.
                  | [demonic ancestry]
  3537 | D:3      | Reached XP level 7. HP: 55/55 MP: 11/16
  3843 | D:4      | Noticed Menkaure
  3847 | D:4      | Killed Menkaure
  4128 | D:4      | Noticed Robin
  4147 | D:4      | Killed Robin
  4259 | D:4      | Noticed Sigmund
  4418 | D:4      | Gained mutation: You may rarely emit foul miasma when
                  | damaged in melee. [demonic ancestry]
  4418 | D:4      | Reached XP level 8. HP: 61/61 MP: 11/17
  4526 | D:4      | Noticed Duvessa
  4527 | D:4      | Noticed Dowan
  4549 | D:4      | Killed Dowan
  4550 | D:4      | Killed Duvessa
  4669 | D:4      | Killed Sigmund
  5043 | D:5      | Entered Level 5 of the Dungeon
  5503 | D:5      | Found a shimmering blue altar of Sif Muna.
  5503 | D:5      | Found a burning altar of Makhleb.
  5504 | D:5      | Found a radiant altar of Vehumet.
  5514 | D:5      | Became a worshipper of Vehumet
  5597 | D:5      | Gained mutation: You have a pair of large antennae on your
                  | head. (SInv) [demonic ancestry]
  5597 | D:5      | Reached XP level 9. HP: 67/67 MP: 15/19
  6312 | D:6      | You fall into a shaft and drop 3 floors!
  6528 | D:8      | Reached * piety under Vehumet
  6528 | D:8      | Offered knowledge of Kiss of Death by Vehumet.
  6546 | D:8      | Slain by an orc warrior

Illustrated notes

Levels and vault maps discovered:
D:1:      sevenhm_arrival_forest_fort_small_5, layout_basic, serial_forest,
          infiniplex_forest_end_2, infiniplex_forest_split,
          infiniplex_forest_clump_double, infiniplex_forest_end_3,
          infiniplex_forest_straight_4
D:2:      layout_loops_ring, basic_altar, uniq_natasha
D:3:      layout_loops_ring, gammafunk_temple_overflow_pools,
          gammafunk_ghost_nasty_kobolds, uniq_ijyb
D:4:      lemuel_castle_with_subvaults [lemuel_castle_interior_carwin_2],
          layout_cave_pools, nicolae_zen_rock_garden, uniq_sigmund,
          uniq_menkaure, uniq_duvessa, uniq_robin
D:5:      layout_loops_ring, grunt_temple_overflow_open, nrook_mini_vaults
D:6:      layout_gridville, hangedman_decor_lopped, lightli_minifort,
          uniq_crazy_yiuf_cottage
D:8:      layout_gridville, david_lair_generic,
          nicolae_ossuary_entry_false_entrances, dk_noncrumbling_4,
          minmay_misc_feat_room, minmay_misc_feat_pillars, glass_columns_b
D:9:      layout_basic, jiyva_altar_1, uniq_pikel

Skill      XL: |  1  2  3  4  5  6  7  8 |
---------------+-------------------------+-----
Fire Magic     | 3 4 6 7 |  7.5
Dodging        | 2 5 |  5.2
Spellcasting   | 3 6 7 |  7.6
Conjurations   | 2 5 6 |  6.5
Fighting       | 4 |  4.9
Maces & Flails | 4 |  4.5
Stealth        | |  1.7

Action                   |  1- 3 |  4- 6 |  7- 9 || total
-------------------------+-------+-------+-------++-------
Melee: Club              |     1 |       |       ||     1
       Whip              |    23 |     2 |    19 ||    44
       Punch             |       |       |     1 ||     1
 Cast: Foxfire           |    55 |    82 |   204 ||   341
       Scorch            |     2 |    15 |    31 ||    48
       Flame Wave        |       |       |     7 ||     7
Evoke: Wand              |       |     2 |       ||     2
  Use: Scroll            |       |    15 |     7 ||    22
       Potion            |       |     2 |     1 ||     3
 Stab: Sleeping          |       |     1 |       ||     1
Armor: Robe              |     6 |     4 |    16 ||    26
Dodge: Dodged            |    19 |    25 |    52 ||    96

Table legend: (Time is in decaauts)
 A = Elapsed time spent in this place.
 B = Non-inter-level travel time spent in this place.
 C = Inter-level travel time spent in this place.
 D = Time resting spent in this place.
 E = Time spent auto-exploring this place.
 F = Levels seen in this place.
 G = Mean time per level.
                   A        B        C        D        E       F      G
               +--------+--------+--------+--------+--------+-----+--------+
         Total |   6558 |   6438 |    120 |    716 |   3948 |   8 |  819.8 |
       Dungeon |   6558 |   6438 |    120 |    716 |   3948 |   8 |  819.8 |
               +--------+--------+--------+--------+--------+-----+--------+

Top non-repeatable levels by time:
     D:4: 1472 daAuts
     D:1: 1379 daAuts
     D:2: 1237 daAuts
     D:3: 969 daAuts
     D:5: 845 daAuts
     D:6: 422 daAuts
     D:9: 189 daAuts
     D:8: 42 daAuts
